Luje, chaotic female elven Wizard `############### ------------ #------ # ------------ ----- |..........| #|.....######## #...........| |...| #...^.......-########|....| #|..........| #-(|.| #--------|--- #-....| #)|..........| #|....# # # ###|.....# ##------------ #....|# # # # #|....|# ###########################-----# # # #####------# # ### # # # # # # # # # # # # ##### # # ---------- # # # ### # ######### |........| # # -----# # ### #------# |........| # # |..*|# -.--- # #......# +......<.| -----# # |*.+|# |....## #|....| |........-#######.....# # |..@-# |...| #|....| ----------# # |...|#####`## |..@| |..^-################------ ############# ##....|# #---.-- ----- |..>| |...|# #-....| ----- -----# |....| *################## ------ Luje the Conjurer Experience level: 3 Strength: 10 Dexterity: 18 Constitution: 14 Intelligence: 18 Wisdom: 7 Charisma: 10 Health: 0(23) Energy: 10(23) Def: 11 Gold: 0 Moves: 2004 Dungeon seed: Dyp_omFnNcBdUYVv Game ID: Luje_1512570476 Your Inventory: Weapons a - a blessed +1 quarterstaff (weapon in hands) p - an uncursed +0 dagger u - an uncursed +0 sling C - a blessed +1 javelin Armor e - an uncursed +0 cloak of magic resistance (being worn) n - an uncursed +0 cloak of displacement r - an uncursed +0 cloak of protection y - an uncursed +0 elven mithril-coat (being worn) Comestibles m - 2 uncursed tins of goblin meat t - an uncursed slime mold w - 2 uncursed food rations Potions A - an uncursed potion of paralysis B - an uncursed potion of water Wands b - an uncursed wand of striking (0:8) v - an uncursed wand of nothing (0:6) D - an uncursed wand of undead turning (0:1) Tools h - an uncursed blindfold i - an uncursed bell l - an uncursed mirror Spells and supernatural/magical abilities: Spells marked with '*' are forgotten. Spells marked with '!' are maintained. Spells marked with '#' are aliased with 'castalias'. Name Level Category Fail Memory a - force bolt 1 attack 0% 97% e - charm monster 3 enchantment 0% 97% m - magic missile 2 attack 0% 97% p - protection 1 clerical 0% 97% W - pray for help -- divine ? -- Your skills at the end: Fighting Skills wands [Basic] Weapon Skills quarterstaff [Basic] Spellcasting Skills attack spells [Basic] enchantment spells [Basic] Final Attributes: You were magic resistant. You saw invisible. You had infravision. You were protected. You are dead. Vanquished creatures: a kitten a coyote a gas spore 3 hobbits a giant rat a yellow mold a gecko 2 jackals 2 foxes a kobold a goblin 3 grid bugs 2 lichens 4 newts 24 creatures vanquished. Voluntary challenges: You were an atheist. You used a wielded weapon 7 times, starting on turn 206. You read items or engraved 15 times, starting on turn 6. You never genocided any monsters. You never polymorphed an object. You never changed form. You used no wishes. You never split a pudding. You never wrote Elbereth's name. You violated your moral code, losing 1 point of alignment, starting on turn 2004. Dungeon overview: The Dungeons of Doom: levels 1 to 3 Level 1 a fountain, a sink a long staircase Level 2 <- You were here a general store Level 3 a wand shop, a vault a long staircase History has recorded: On T:1 you entered the Dungeons of Doom to retrieve the Amulet of Yendor! On T:540 you reached level 2 of The Dungeons of Doom. On T:889 you reached level 3 of The Dungeons of Doom. On T:961 you advanced to experience level 2. On T:1745 you advanced to experience level 3. Score breakdown: Gold: 0 ( 0 points) Experience: 3 levels ( 7878 points) Exploration: 3 levels ( 5.66%) ( 5883 points) Discoveries: 2 items ( 0.70%) ( 2504 points) Valuables value: (no points given unless you survive) Artifact value: 0 ( 0 points) Variety of kills: 14 monsters ( 3.68%) ( 5758 points) Turncount: 2004 turns ( -3 points) Survival: died (score multiplied by 80%) Total score: 17616 Latest messages: The golden haze around you becomes more dense. There is nothing here to pick up. The golden haze around you becomes less dense. (2x) Your conscience bothers you... Akalapi gets angry! The magic missile hits Akalapi! The magic missile bounces! Akalapi zaps a pine wand! The magic missile hits you! Some of the missiles bounce off! The magic missile bounces! The magic missile hits you! Some of the missiles bounce off! The magic missile hits Akalapi! Akalapi is caught in the magical blast! Akalapi resists the magical blast! The kitten is caught in the magical blast! The kitten is killed! You are caught in the magical blast! You resist the magical blast Akalapi takes all your possessions. Final status: Goodbye Luje the Wizard, killed by a Mr. Akalapi, the shopkeeper's magical blast... You died in The Dungeons of Doom on dungeon level 2 with 17616 points, and 0 pieces of gold, after 2004 moves. You were level 3 with a maximum of 23 hit points when you died.